 Dungeon Crawl Stone Soup version 0.32-a0-141-g04fe697 (webtiles) character file.

Game seed: 10491127470479698183

5702 skewfiend the Toxicologist (level 10, -15/68 HPs)
             Began as a Demonspawn Alchemist on Feb 7, 2024.
             Was a Follower of Sif Muna.
             Demolished by a skeletal warrior
             ... wielding a +0 dire flail
              (23 damage)
             ... on level 9 of the Dungeon on Feb 11, 2024.
             The game lasted 00:38:43 (10044 turns).

skewfiend the Toxicologist (Demonspawn Alchemist)  Turns: 10044, Time: 00:38:44

Health: -15/68     AC:  7    Str: 15    XL:     10   Next: 48%
Magic:  2/21       EV: 12    Int: 20    God:    Sif Muna [*.....]
Gold:   496        SH:  0    Dex: 13    Spells: 10/23 levels left

rFire   + . .        u - +2 dagger (elec)
rCold   . . .        O - orb {light}
rNeg    + . .        G - +0 robe {rF+}
rPois   .            (helmet restricted)
rElec   .            n - +0 cloak
rCorr   .            J - +0 pair of gloves
SInv    .            x - +0 pair of boots
Will    .....        R - amulet of the acrobat
Stlth   +            v - +6 ring of strength
HPRegen 0.31/turn    M - ring of positive energy
MPRegen 0.17/turn

%: acrobat
@: glowing
A: antennae 2, demonic guardian 2, spiny 1, sharp scales 2
a: Renounce Religion, Channel Magic


You were on level 9 of the Dungeon.
You worshipped Sif Muna.
Sif Muna was aware of your devotion.
You visited 2 branches of the dungeon, and saw 10 of its levels.

You collected 496 gold pieces.

Inventory:

Hand Weapons
 a - the +2 hammer of Qohu Kali {freeze, rF+ Dex+3}
   (You found it on level 5 of the Dungeon)

   Dex+3:     It affects your dexterity (+3).
   rF+:       It protects you from fire.
 f - a +2 quarterstaff of chaos
 g - a +1 dagger of venom
 p - a +1 vampiric dagger
 u - a +2 dagger of electrocution (weapon)
 z - a +1 falchion of flaming
 F - a +2 whip of flaming
 P - a +3 spear
 Q - a +0 falchion of draining
Missiles
 d - 62 stones
 h - 16 poisoned darts
 i - 4 javelins
Armour
 n - a +0 cloak (worn)
 x - a +0 pair of boots (worn)
 D - a +0 ring mail of fire resistance
 G - a +0 robe of fire resistance (worn)
 J - a +0 pair of gloves (worn)
 N - a +0 buckler
 O - an orb of light (worn)
Jewellery
 v - a +6 ring of strength (left hand)
 M - a ring of positive energy (right hand)
 R - an amulet of the acrobat (around neck)
 S - a ring of resist corrosion
Wands
 t - a wand of flame (27)
 A - a wand of mindburst (9)
 H - a wand of roots (13)
 I - a wand of light (5)
Scrolls
 c - a scroll of revelation {unknown}
 k - 4 scrolls of teleportation
 o - a scroll of acquirement {unknown}
 r - 2 scrolls of enchant armour {unknown}
 s - 7 scrolls of identify
 w - 2 scrolls of summoning {unknown}
 y - 2 scrolls of blinking {unknown}
 B - 2 scrolls of amnesia {unknown}
 E - a scroll of fog {unknown}
 K - a scroll of silence {unknown}
 L - a scroll of brand weapon {unknown}
 U - a scroll of enchant weapon {unknown}
Potions
 b - a potion of magic
 e - 6 potions of curing
 j - 3 potions of heal wounds {unknown}
 l - a potion of ambrosia
 m - 2 potions of brilliance
 q - 2 potions of might {unknown}
 C - a potion of cancellation {unknown}
 T - a potion of degeneration {unknown}


   Skills:
 + Level 2.7 Fighting
 - Level 1.7 Dodging
 - Level 1.7 Stealth
 + Level 7.4 Spellcasting
 * Level 8.4 Conjurations
 - Level 2.0 Summonings
 - Level 1.0 Air Magic
 * Level 10.5 Alchemy


You had 10 spell levels left.
You knew the following spells:

 Your Spells              Type           Power      Damage    Failure   Level
a - Sting                 Conj/Alch      100%       1d9       1%          1
b - Mercury Vapours       Alch/Air       60%        N/A       1%          2
c - Magic Dart            Conj           100%       1d8       1%          1
d - Mephitic Cloud        Conj/Alch/Air  34%        N/A       1%          3
e - Call Imp              Summ           30%        N/A       6%          2
f - Olgreb's Toxic Radia  Alch           49%        N/A       1%          4

Your spell library contained the following spells:

 Spells                   Type           Power      Damage    Failure   Level
 Fulminant Prism          Conj/Alch      22%        3d12      1%          4
 Sticky Flame             Fire/Alch      28%        2d7       11%         4
 Blink                    Tloc           14%        N/A       14%         2
 Iskenderun's Mystic Bla  Conj/Tloc      24%        2d7       16%         4
 Volatile Blastmotes      Fire/Tloc      14%        2d11      26%         3


Dungeon Overview and Level Annotations

Branches:
Dungeon (9/15)             Temple (1/1) D:7
   Lair: D:8-11         Orc: D:9-12

Altars:
Ashenzari
Cheibriados
Dithmenos
Fedhas
Gozag
Hepliaklqana
Kikubaaqudgha
Makhleb
Nemelex Xobeh
Qazlal
Ru
Sif Muna
Trog
Vehumet
Wu Jian
Xom
Yredelemnul

Shops:
D:6 (

Annotations:
D:5 3 runed translucent doors, cinnamon's ghost, novice DsNe; ironshield's ghost, novice HOFi
D:8 3 runed translucent doors, wqsa789's ghost, novice OnGl
Temple 2 transporters


Innate Abilities, Weirdness & Mutations

You have a pair of antennae on your head.
A demonic guardian rushes to your aid.
You are partially covered in sharp spines.
You are mostly covered in razor-sharp scales. (AC +2, Slay +2)


Message History

Your hellwing hits the skeletal warrior but does no damage.
Casting: Magic Dart (safe; 1% risk of failure)
Confirm with . or Enter, or press ? or * to list all spells.
Aiming: Magic Dart (safe; 1% risk of failure)
Press: ? - help, Shift-Dir - straight line, f/p - skeletal warrior
Aim: a skeletal warrior, wielding a +0 dire flail (lightly damaged, not watching you, ally target, haloed, 100% to hit)
The magic dart hits the skeletal warrior but does no damage.
The skeletal warrior is lightly damaged.
The skeletal warrior hits you with a +0 dire flail!
* * * LOW HITPOINT WARNING * * *
Your cerulean imp hits the skeletal warrior but does no damage.
Your hellwing barely misses the skeletal warrior.
Your hellwing hits the skeletal warrior.
As you read the scroll labelled GIAGIO VIHORAQIZ, it crumbles to dust.
It is a scroll of identify.
l - a potion of ambrosia The skeletal warrior hits you with a +0 dire flail!
* * * LOW HITPOINT WARNING * * *
Your cerulean imp hits the skeletal warrior but does no damage.
Your hellwing hits the skeletal warrior! x2
You feel better.
The skeletal warrior is struck by your spines.
The skeletal warrior hits you with a +0 dire flail.
* * * LOW HITPOINT WARNING * * *
Your cerulean imp hits the skeletal warrior but does no damage.
Your hellwing hits the skeletal warrior but does no damage. x2
Unknown command.
Okay, then.
Casting: Magic Dart (safe; 1% risk of failure)
Confirm with . or Enter, or press ? or * to list all spells.
Okay, then.
Casting: Magic Dart (safe; 1% risk of failure)
Confirm with . or Enter, or press ? or * to list all spells.
Aiming: Magic Dart (safe; 1% risk of failure)
Press: ? - help, Shift-Dir - straight line, f/p - skeletal warrior
Aim: a skeletal warrior, wielding a +0 dire flail (heavily damaged, not watching you, ally target, haloed, 100% to hit)
The magic dart hits the skeletal warrior but does no damage.
The skeletal warrior is heavily damaged.
The skeletal warrior hits you with a +0 dire flail!!
You die...

.....................#
.....................# ##...
...................... ....#
....................>. ....#
..............######## ....#
..............# ....#
..........[...# ...z.
..............##############z...#
................@z.5...[........#
..................4.............#
##########......................#
# #.#################..... # #.#
..... # #.# ..... # #.# ## .....
##########.#######.. ...ßß
...................~


You could see a skeletal warrior (ally target), a friendly hellwing (summoned)
and a friendly cerulean imp (summoned).

Vanquished Creatures
  2 boulder beetles
  A two-headed ogre (D:9)
  Pikel (D:5)
  An unseen horror zombie (D:9)
  Menkaure (D:4)
  Duvessa (D:5)
  An orc warrior (D:8)
  3 water moccasins
  An ice beast (D:4)
  A sky beast (D:7)
  A centaur (D:9)
  A lemure (D:5)
  A phantom (D:5)
  2 bullfrogs (D:8)
  Dowan (D:5)
  4 wights
  7 killer bees (D:7)
  4 howler monkeys
  2 hounds
  Crazy Yiuf (D:5)
  3 orc priests
  2 bombardier beetles
  Ijyb (D:3)
  Terence (D:2)
  3 iguanas
  2 sleepcaps
  4 orc wizards
  4 gnolls (D:7)
  3 adders
  A white imp (D:5)
  2 ufetubi (D:6)
  4 ribbon worms
  A dart slug (D:3)
  24 orcs
  7 ball pythons
  4 bats
  9 endoplasms
  2 giant cockroaches (D:2)
  5 goblins
  5 hobgoblins
  3 jackals (D:4)
  6 quokkas
  2 frilled lizards
  4 kobolds
  4 rats
143 creatures vanquished.

Vanquished Creatures (collateral kills)
  An unseen horror zombie (D:9)
  2 water moccasins (D:7)
  An ogre (D:5)
  A wight (D:7)
  A jelly (D:7)
  An orc priest (D:4)
  An iguana (D:7)
  An orc (D:4)
  An endoplasm (D:4)
10 creatures vanquished.

Grand Total: 153 creatures vanquished

Notes
Turn   | Place    | Note
-------+----------+-------------------------------------------
     0 | D:1      | skewfiend the Demonspawn Alchemist began the quest for the
                  | Orb.
     0 | D:1      | Reached XP level 1. HP: 13/13 MP: 3/3
   539 | D:1      | Gained mutation: You are partially covered in razor-sharp
                  | scales. (AC +1, Slay +1) [demonic ancestry]
   539 | D:1      | Reached XP level 2. HP: 19/19 MP: 5/5
   712 | D:1      | Learned a level 2 spell: Mercury Vapours
  1097 | D:2      | Gained mutation: You are partially covered in sharp spines.
                  | [demonic ancestry]
  1097 | D:2      | Reached XP level 3. HP: 11/24 MP: 0/6
  1387 | D:2      | Reached skill level 4 in Alchemy
  1453 | D:2      | Noticed Terence
  1467 | D:2      | Killed Terence
  1601 | D:2      | Gained mutation: A weak demonic guardian rushes to your
                  | aid. [demonic ancestry]
  1601 | D:2      | Reached XP level 4. HP: 30/30 MP: 3/7
  1907 | D:2      | Learned a level 3 spell: Mephitic Cloud
  2459 | D:3      | Noticed Ijyb
  2481 | D:3      | Killed Ijyb
  2800 | D:3      | Reached XP level 5. HP: 30/35 MP: 2/8
  2897 | D:3      | Reached skill level 5 in Alchemy
  3606 | D:4      | Noticed Menkaure
  3677 | D:4      | Killed Menkaure
  3678 | D:4      | Gained mutation: You have a pair of small antennae on your
                  | head. [demonic ancestry]
  3678 | D:4      | Reached XP level 6. HP: 11/41 MP: 10/10
  3680 | D:4      | Learned a level 1 spell: Magic Dart
  4050 | D:4      | Noticed an ice beast
  4065 | D:4      | Killed an ice beast
  4375 | D:5      | Entered Level 5 of the Dungeon
  4384 | D:5      | Reached skill level 6 in Alchemy
  4432 | D:5      | Noticed Duvessa
  4432 | D:5      | Noticed Dowan
  4439 | D:5      | Killed Dowan
  4440 | D:5      | Reached skill level 1 in Fighting
  4440 | D:5      | Gained mutation: You are mostly covered in razor-sharp
                  | scales. (AC +2, Slay +2) [demonic ancestry]
  4440 | D:5      | Reached XP level 7. HP: 45/48 MP: 6/12
  4467 | D:5      | Killed Duvessa
  4627 | D:5      | Learned a level 2 spell: Call Imp
  4632 | D:5      | Learned a level 4 spell: Olgreb's Toxic Radiance
  4902 | D:5      | Found a runed translucent gate.
  4902 | D:5      | Found a runed translucent gate.
  4905 | D:5      | Found a runed translucent gate.
  4907 | D:5      | Noticed cinnamon's ghost (novice DsNe)
  4907 | D:5      | Noticed ironshield's ghost (novice HOFi)
  5086 | D:5      | Reached skill level 1 in Summonings
  5127 | D:5      | Noticed Pikel
  5140 | D:5      | Killed Pikel
  5141 | D:5      | Reached skill level 5 in Conjurations
  5141 | D:5      | Reached skill level 1 in Air Magic
  5141 | D:5      | Reached skill level 7 in Alchemy
  5141 | D:5      | Gained mutation: You have a pair of antennae on your head.
                  | [demonic ancestry]
  5141 | D:5      | Reached XP level 8. HP: 32/55 MP: 2/15
  5255 | D:5      | Found a runed translucent door.
  5256 | D:5      | Identified the +2 hammer of Qohu Kali {freeze, rF+ Dex+3}
  5256 | D:5      | Noticed Crazy Yiuf
  5264 | D:5      | Killed Crazy Yiuf
  5885 | D:6      | Reached skill level 5 in Spellcasting
  6106 | D:6      | Upgraded the game from 0.32-a0-128-g77eb882 to
                  | 0.32-a0-141-g04fe697
  6313 | D:6      | Found Soshirad's Weapon Emporium.
  6849 | D:7      | Reached skill level 8 in Alchemy
  6849 | D:7      | Gained mutation: A demonic guardian rushes to your aid.
                  | [demonic ancestry]
  6849 | D:7      | Reached XP level 9. HP: 60/61 MP: 11/17
  7721 | D:7      | Found a staircase to the Ecumenical Temple.
  7730 | Temple   | Found a transporter.
  7730 | Temple   | Found a transporter.
  7730 | Temple   | Found a transporter.
  7730 | Temple   | Found a transporter.
  7730 | Temple   | Entered the Ecumenical Temple
  7760 | Temple   | Became a worshipper of Sif Muna the Loreminder
  8638 | D:8      | Reached skill level 9 in Alchemy
  8848 | D:8      | Reached * piety under Sif Muna
  9074 | D:8      | Noticed a boulder beetle
  9087 | D:8      | Killed a boulder beetle
  9133 | D:8      | Reached XP level 10. HP: 47/68 MP: 11/20
  9386 | D:8      | Found a runed translucent gate.
  9387 | D:8      | Found a runed translucent gate.
  9388 | D:8      | Found a runed translucent gate.
  9388 | D:8      | Noticed wqsa789's ghost (novice OnGl)
  9455 | D:8      | Found a blossoming altar of Fedhas.
  9762 | D:9      | Noticed a two-headed ogre
  9783 | D:9      | Killed a two-headed ogre
  9784 | D:9      | Reached skill level 10 in Alchemy
 10015 | D:9      | Noticed a skeletal warrior
 10015 | D:9      | Noticed a boulder beetle
 10034 | D:9      | Killed a boulder beetle
 10042 | D:9      | HP: 3/68 [skeletal warrior/+0 dire flail (14)]
 10044 | D:9      | Demolished by a skeletal warrior

Illustrated notes

Levels and vault maps discovered:
D:1:      dpeg_arrival_rooms_c, layout_basic
D:2:      layout_basic, uniq_terence
D:3:      layout_basic, uniq_ijyb
D:4:      layout_loops_ring, dreamdust_wishing_well, uniq_menkaure
D:5:      layout_basic, gammafunk_ghost_cemetery,
          amcnicky_mini_rare_corridor_liquid, kennysheep_generic_room_11,
          uniq_duvessa, uniq_pikel, uniq_crazy_yiuf_cottage
D:6:      layout_basic, serial_shops, kennysheep_mini, serial_bayou_pond_e
D:7:      layout_loops_corners, minmay_temple_entry_antechambers,
          serial_bayou_pond_c, minmay_misc_feat_cross, eino_jars
D:8:      layout_loops_ring, fedhas_altar_3, ebering_ghost_rock_garden,
          minmay_misc_feat_chi, hangedman_decor_lopped
D:9:      layout_long_grid, serial_undead, serial_undead_e, serial_undead_c,
          serial_undead_e, serial_undead_c, serial_undead_a, serial_undead_f,
          minivault_28
Temple:   hellmonk_temple_divided_pantheon

Skill      XL: |  1  2  3  4  5  6  7  8  9 10 |
---------------+-------------------------------+-----
Alchemy        | 4 5 6 7 8 9 10 | 10.5
Conjurations   | 2 3 5 6 7 8 |  8.4
Spellcasting   | 3 4 5 6 7 |  7.4
Fighting       | 1 2 |  2.7
Summonings     | 2 |  2.0
Air Magic      | 1 |  1.0
Dodging        | |  1.7
Stealth        | |  1.7

Action                     |  1- 3 |  4- 6 |  7- 9 | 10-12 || total
---------------------------+-------+-------+-------+-------++-------
  Melee: Unarmed           |    12 |       |       |       ||    12
         Dagger            |    12 |    21 |    67 |     6 ||   106
         Punch             |       |     2 |     3 |       ||     5
  Throw: Dart              |     6 |       |       |       ||     6
   Cast: Sting             |    37 |    89 |   167 |    11 ||   304
         Mercury Vapours   |     7 |     3 |     7 |       ||    17
         Magic Dart        |       |     4 |    12 |    13 ||    29
         Olgreb's Toxic Ra |       |       |     5 |     5 ||    10
         Mephitic Cloud    |       |       |     4 |     1 ||     5
         Call Imp          |       |       |     5 |     6 ||    11
  Evoke: Wand              |       |     6 |       |       ||     6
    Use: Potion            |       |     2 |     1 |     1 ||     4
         Scroll            |       |     1 |       |     1 ||     2
   Stab: Sleeping          |     1 |       |       |       ||     1
 Armour: Robe              |    19 |    14 |    76 |    33 ||   142
  Dodge: Dodged            |    17 |    25 |    65 |    25 ||   132
  Block: Buckler           |       |       |     2 |       ||     2

Table legend: (Time is in decaauts)
 A = Elapsed time spent in this place.
 B = Non-inter-level travel time spent in this place.
 C = Inter-level travel time spent in this place.
 D = Time resting spent in this place.
 E = Time spent auto-exploring this place.
 F = Levels seen in this place.
 G = Mean time per level.
                   A        B        C        D        E       F      G
               +--------+--------+--------+--------+--------+-----+--------+
         Total |  10047 |   9713 |    334 |    216 |   8087 |  10 | 1004.7 |
       Dungeon |  10005 |   9702 |    303 |    216 |   8087 |   9 | 1111.7 |
        Temple |     42 |     12 |     30 |      0 |      0 |   1 |   42.0 |
               +--------+--------+--------+--------+--------+-----+--------+

Top non-repeatable levels by time:
     D:7: 1834 daAuts
     D:5: 1458 daAuts
     D:2: 1423 daAuts
     D:4: 1158 daAuts
     D:8: 1118 daAuts
     D:1: 936 daAuts
     D:3: 853 daAuts
     D:6: 782 daAuts
     D:9: 437 daAuts
  Temple: 42 daAuts
